AoeStats
← ClickBait

Nomad

509599483Analyzed
2v2 RM · 3d ago on Sep 27, 2026· 24m 14s· 4 players
Game mode
Random Map
Map size
176×176
Population
200
Speed
Normal
Resources
Standard
Victory
Conquest
Starting age
Dark Age
Ending age
Imperial Age
RankedLock teamsTeams togetherTeam positionsShared explorationLock speedFull tech treeHidden civsTurbo modeCheats
Victory
Defeat
🇪🇸 Malay · Spain
1270
+16
🇩🇰 Danes · Denmark
1269
+16
🇳🇴 Byzantines · Norway
1297
-17
🇨🇳 Armenians · China
1247
-15
ClickBait
2:52 Loom
13:41 Feudal Age
14:09 Double-Bit Axe
17:44 Forging
19:07 Fishing Lines
21:43 Castle Age
21:34 Man-at-Arms
22:00 Arson
22:03 Horse Collar
22:48 Medium Warships
el tapicero
5:00 Loom
13:58 Feudal Age
20:13 Castle Age
18:03 Double-Bit Axe
20:12 Medium Warships
20:35 Bow Saw
22:18 Forging
22:14 Scale Barding Armor
Gudnikk
13:32 Feudal Age
11:48 Loom
14:25 Double-Bit Axe
14:52 Gold Mining
21:31 Castle Age
19:23 Fishing Lines
21:24 Stone Mining
22:25 Gillnets
22:45 Medium Warships
23:30 Bow Saw
砍王
6:38 Loom
13:56 Feudal Age
14:33 Double-Bit Axe
14:56 Gold Mining
18:18 Wheelbarrow
19:43 Fishing Lines
22:37 Fletching
Connection lost

Rejoining the realm…

Still unreachable

The connection could not be restored.

Session expired

The server has moved on; the page needs a fresh start.